ORI
UNIVERSITY OF ALABAMA CRIMSON TIDE @ COASTAL CAROLINA UNIVERSITY CHANTICLEERS
09/11/2048
 
TOP OF THE 1ST
University of Alabama Crimson Tide batting - Pitching for Coastal Carolina University Chanticleers : LHP Arturo Guevara
Pitching: LHP Arturo Guevara
Batting: RHB Danny Rosario 0-0: Ball
1-0: Bunt missed!
1-1: Called Strike
1-2: Foul Ball, location: 2F
1-2: Ball
2-2: Ball
3-2: Base on Balls
Batting: LHB Joe Blackwood 0-0: Ball
1-0: Fly out, F7 (Flyball, 78M, EV 95.0 MPH)
Batting: RHB Matt Williams 0-0: Called Strike
0-1: Ball
Danny Rosario steals 2nd base
1-1: Ball
2-1: Ball
3-1: Base on Balls
Batting: LHB Danny Schultz 0-0: Foul Ball, location: 2F
0-1: Called Strike
0-2: Ball
1-2: Strikes out looking
Batting: RHB Juan Araiza 0-0: Ball
1-0: Ball
2-0: Swinging Strike
2-1: Ball
3-1: Called Strike
3-2: Strikes out swinging
Top of the 1st over - 0 runs, 0 hits, 0 errors, 2 left on base; University of Alabama 0 - Coastal Carolina University 0
BOTTOM OF THE 1ST
Coastal Carolina University Chanticleers batting - Pitching for University of Alabama Crimson Tide : RHP Marco Soto
Pitching: RHP Marco Soto
Batting: RHB Dennis Bennett 0-0: Ball
1-0: Foul Ball, location: 2F
1-1: Foul Ball, location: 2F
1-2: SINGLE (Line Drive, 78M, EV 87.5 MPH)
Batting: RHB Tatsunori Ishigaki 0-0: Ball
1-0: Ball
Dennis Bennett is caught stealing 2nd base 2-4
2-0: Ball
3-0: Called Strike
3-1: Called Strike
3-2: Strikes out looking
Batting: LHB Orlando Hurtado 0-0: Called Strike
0-1: Ground out 1-3 (Groundball, 13, EV 70.6 MPH)
Bottom of the 1st over - 0 runs, 1 hit, 0 errors, 0 left on base; University of Alabama 0 - Coastal Carolina University 0
TOP OF THE 2ND
University of Alabama Crimson Tide batting - Pitching for Coastal Carolina University Chanticleers : LHP Arturo Guevara
Batting: LHB Yu-shu Ni 0-0: Foul Ball, location: 2F
0-1: Called Strike
0-2: Ball
1-2: Strikes out swinging
Batting: RHB David Sanchez 0-0: Called Strike
0-1: Called Strike
0-2: Ball
1-2: SINGLE (Flyball, 8RS, EV 84.4 MPH)
Batting: RHB Hughie Withers 0-0: Called Strike
0-1: DOUBLE (Flyball, 89D, EV 95.0 MPH)
David Sanchez to third
Batting: LHB Platon Protopsaltis 0-0: Called Strike
0-1: Ball
1-1: Foul Ball, location: 2F
1-2: Strikes out swinging
Batting: RHB Danny Rosario 0-0: Ball
1-0: Ball
2-0: Swinging Strike
2-1: Called Strike
2-2: Ball
3-2: Strikes out swinging
Top of the 2nd over - 0 runs, 2 hits, 0 errors, 2 left on base; University of Alabama 0 - Coastal Carolina University 0
BOTTOM OF THE 2ND
Coastal Carolina University Chanticleers batting - Pitching for University of Alabama Crimson Tide : RHP Marco Soto
Batting: RHB Mark Tart 0-0: Ball
1-0: Ball
2-0: Ball
3-0: Foul Ball, location: 2F
3-1: Foul Ball, location: 2F
3-2: Fly out, F7 (Flyball, 78M, EV 79.4 MPH)
Batting: RHB Alex Montiel 0-0: Called Strike
0-1: Ball
1-1: TRIPLE (Groundball, 5L, EV 96.9 MPH)
Batting: LHB Justin Sanders 0-0: Foul Ball, location: 2F
0-1: Called Strike
0-2: Strikes out swinging
Batting: RHB Oscar Hernandez 0-0: Called Strike
0-1: Swinging Strike
0-2: Ball
1-2: Strikes out looking
Bottom of the 2nd over - 0 runs, 1 hit, 0 errors, 1 left on base; University of Alabama 0 - Coastal Carolina University 0
TOP OF THE 3RD
University of Alabama Crimson Tide batting - Pitching for Coastal Carolina University Chanticleers : LHP Arturo Guevara
Batting: LHB Joe Blackwood 0-0: Called Strike
0-1: Ball
1-1: Swinging Strike
1-2: Strikes out swinging
Batting: RHB Matt Williams 0-0: Foul Ball, location: 2F
0-1: Ball
1-1: Ball
2-1: Swinging Strike
2-2: Strikes out looking
Batting: LHB Danny Schultz 0-0: Foul Ball, location: 2F
0-1: Fly out, F8 (Flyball, 78M, EV 83.1 MPH)
Top of the 3rd over - 0 runs, 0 hits, 0 errors, 0 left on base; University of Alabama 0 - Coastal Carolina University 0
BOTTOM OF THE 3RD
Coastal Carolina University Chanticleers batting - Pitching for University of Alabama Crimson Tide : RHP Marco Soto
Batting: RHB Fernando Tovar 0-0: Ball
1-0: Ball
2-0: Foul Ball, location: 2F
2-1: Swinging Strike
2-2: Ground out 3-1 (Groundball, 34S, EV 76.9 MPH)
Batting: RHB Rene Napoles 0-0: Ball
1-0: Ground out U3 (Groundball, 3L, EV 99.4 MPH)
Batting: RHB Dennis Bennett 0-0: Swinging Strike
0-1: Called Strike
0-2: Ball
1-2: Foul Ball, location: 2F
1-2: Ball
2-2: Strikes out looking
Bottom of the 3rd over - 0 runs, 0 hits, 0 errors, 0 left on base; University of Alabama 0 - Coastal Carolina University 0
TOP OF THE 4TH
University of Alabama Crimson Tide batting - Pitching for Coastal Carolina University Chanticleers : LHP Arturo Guevara
Batting: RHB Juan Araiza 0-0: Called Strike
0-1: Ball
1-1: Foul Ball, location: 2F
1-2: Fly out, F8 (Flyball, 8RD, EV 87.5 MPH)
Batting: LHB Yu-shu Ni 0-0: Called Strike
0-1: SINGLE (Groundball, 4MD, EV 106.9 MPH)
Batting: RHB David Sanchez 0-0: Called Strike
0-1: Called Strike
0-2: Ball
Yu-shu Ni is caught stealing 2nd base 2-4
1-2: Foul Ball, location: 2F
1-2: Ball
2-2: Strikes out swinging
Top of the 4th over - 0 runs, 1 hit, 0 errors, 0 left on base; University of Alabama 0 - Coastal Carolina University 0
BOTTOM OF THE 4TH
Coastal Carolina University Chanticleers batting - Pitching for University of Alabama Crimson Tide : RHP Marco Soto
Batting: RHB Tatsunori Ishigaki 0-0: Ground out U3 (Groundball, 34D, EV 85.0 MPH)
Batting: LHB Orlando Hurtado 0-0: Reached on error, E6 (Groundball, 56, EV 96.9 MPH)
Batting: RHB Mark Tart 0-0: Foul Ball, location: 2F
0-1: Ball
1-1: Ball
2-1: Fly out, F5 (Line Drive, 56, EV 64.4 MPH)
Batting: RHB Alex Montiel 0-0: Ball
1-0: DOUBLE (Line Drive, 9LM, EV 104.4 MPH)
Orlando Hurtado to third
Runner from 3rd tries for Home, SAFE, no throw by RF
Batting: LHB Justin Sanders 0-0: Ball
1-0: Ball
2-0: Ball
3-0: Base on Balls
Batting: RHB Oscar Hernandez 0-0: SINGLE (Groundball, 4D, EV 110.6 MPH)
Alex Montiel to third
Justin Sanders to second
Runner from 3rd tries for Home, SAFE, throw by CF to home
Batting: RHB Fernando Tovar 0-0: Ball
1-0: Called Strike
1-1: Ball
2-1: Called Strike
2-2: Strikes out swinging
Bottom of the 4th over - 2 runs, 2 hits, 1 error, 2 left on base; University of Alabama 0 - Coastal Carolina University 2
TOP OF THE 5TH
University of Alabama Crimson Tide batting - Pitching for Coastal Carolina University Chanticleers : LHP Arturo Guevara
Batting: RHB Hughie Withers 0-0: Ball
1-0: Ball
2-0: Called Strike
2-1: Foul Ball, location: 2F
2-2: Ground out 6-3 (Groundball, 6, EV 93.1 MPH)
Batting: LHB Platon Protopsaltis 0-0: Ball
1-0: Foul Ball, location: 2F
1-1: Fly out, F7 (Flyball, 78XD, EV 101.9 MPH)
Batting: RHB Danny Rosario 0-0: Ground out 4-3 (Groundball, 4S, EV 86.2 MPH)
Top of the 5th over - 0 runs, 0 hits, 0 errors, 0 left on base; University of Alabama 0 - Coastal Carolina University 2
BOTTOM OF THE 5TH
Coastal Carolina University Chanticleers batting - Pitching for University of Alabama Crimson Tide : RHP Marco Soto
Batting: RHB Rene Napoles 0-0: Foul Ball, location: 2F
0-1: Ground out 5-3 (Groundball, 5L, EV 86.9 MPH)
Batting: RHB Dennis Bennett 0-0: Called Strike
0-1: Ball
1-1: Ball
2-1: Ball
3-1: Swinging Strike
3-2: Base on Balls
Batting: RHB Tatsunori Ishigaki 0-0: Called Strike
0-1: Ground out 4-3 (Groundball, 34, EV 105.6 MPH)
Dennis Bennett to second
Batting: LHB Orlando Hurtado 0-0: Swinging Strike
0-1: Ball
1-1: Ball
2-1: Ground out 4-3 (Groundball, 34D, EV 108.1 MPH)
Bottom of the 5th over - 0 runs, 0 hits, 0 errors, 1 left on base; University of Alabama 0 - Coastal Carolina University 2
TOP OF THE 6TH
University of Alabama Crimson Tide batting - Pitching for Coastal Carolina University Chanticleers : LHP Arturo Guevara
Pitching: LHP Elijah Mangrum
Batting: LHB Joe Blackwood 0-0: Called Strike
0-1: Ball
1-1: Called Strike
1-2: Strikes out swinging
Batting: RHB Matt Williams 0-0: Ball
1-0: Foul Ball, location: 2F
1-1: Ball
2-1: Ball
3-1: Fly out, F8 (Flyball, 8RM, EV 85.6 MPH)
Batting: LHB Danny Schultz 0-0: Ball
1-0: Called Strike
1-1: Ball
2-1: SINGLE (Groundball, 34S, EV 66.2 MPH) (infield hit)
Batting: RHB Juan Araiza 0-0: Ball
1-0: Ball
Danny Schultz is caught stealing 2nd base 2-4
Top of the 6th over - 0 runs, 1 hit, 0 errors, 0 left on base; University of Alabama 0 - Coastal Carolina University 2
BOTTOM OF THE 6TH
Coastal Carolina University Chanticleers batting - Pitching for University of Alabama Crimson Tide : RHP Marco Soto
Batting: RHB Mark Tart 0-0: Ball
1-0: Fly out, F6 (Popup, 6M, EV 60.0 MPH)
Batting: RHB Alex Montiel 0-0: Ball
1-0: Called Strike
1-1: Called Strike
1-2: Ball
2-2: Ball
3-2: Foul Ball, location: 2F
3-2: SINGLE (Groundball, 56, EV 98.8 MPH) (infield hit)
Pitching: RHP Cameron Dickens
Batting: LHB Justin Sanders 0-0: Called Strike
0-1: Ball
Alex Montiel is caught stealing 2nd base 2-6
1-1: Called Strike
1-2: Strikes out looking
Bottom of the 6th over - 0 runs, 1 hit, 0 errors, 0 left on base; University of Alabama 0 - Coastal Carolina University 2
TOP OF THE 7TH
University of Alabama Crimson Tide batting - Pitching for Coastal Carolina University Chanticleers : LHP Elijah Mangrum
Batting: RHB Juan Araiza 0-0: Called Strike
0-1: Ball
1-1: Ball
2-1: Called Strike
2-2: Ball
3-2: Foul Ball, location: 2F
3-2: Base on Balls
Batting: LHB Yu-shu Ni 0-0: Foul Ball, location: 2F
0-1: Fielders Choice at 2nd, 6-4 (Groundball, 6, EV 83.1 MPH)
Batting: RHB David Sanchez 0-0: Called Strike
0-1: Grounds into double play, 3-6-3 (Groundball, 3, EV 86.9 MPH)
Top of the 7th over - 0 runs, 0 hits, 0 errors, 0 left on base; University of Alabama 0 - Coastal Carolina University 2
BOTTOM OF THE 7TH
Coastal Carolina University Chanticleers batting - Pitching for University of Alabama Crimson Tide : RHP Cameron Dickens
Batting: RHB Oscar Hernandez 0-0: Called Strike
0-1: Swinging Strike
0-2: Fly out, F9 (Flyball, 9, EV 88.1 MPH)
Batting: RHB Fernando Tovar 0-0: Ball
1-0: Ball
2-0: Called Strike
2-1: Ground out 5-3 (Groundball, 5, EV 85.0 MPH)
Batting: RHB Rene Napoles 0-0: Called Strike
0-1: Swinging Strike
0-2: Ball
1-2: Ball
2-2: Strikes out swinging
Bottom of the 7th over - 0 runs, 0 hits, 0 errors, 0 left on base; University of Alabama 0 - Coastal Carolina University 2
TOP OF THE 8TH
University of Alabama Crimson Tide batting - Pitching for Coastal Carolina University Chanticleers : LHP Elijah Mangrum
Batting: RHB Hughie Withers 0-0: Called Strike
0-1: Ground out 6-3 (Groundball, 6, EV 83.8 MPH)
Batting: LHB Platon Protopsaltis 0-0: Swinging Strike
0-1: Ball
1-1: Foul Ball, location: 2F
1-2: Strikes out swinging
Batting: RHB Danny Rosario 0-0: Fly out, F8 (Flyball, 8RXD, EV 98.8 MPH)
Top of the 8th over - 0 runs, 0 hits, 0 errors, 0 left on base; University of Alabama 0 - Coastal Carolina University 2
BOTTOM OF THE 8TH
Coastal Carolina University Chanticleers batting - Pitching for University of Alabama Crimson Tide : RHP Cameron Dickens
Pitching: RHP Ken McGee
Batting: RHB Dennis Bennett 0-0: Called Strike
0-1: Ground out U3 (Groundball, 34S, EV 89.4 MPH)
Batting: RHB Tatsunori Ishigaki 0-0: Called Strike
0-1: Ball
1-1: Hit by Pitch
Batting: LHB Orlando Hurtado 0-0: Ball
Tatsunori Ishigaki is caught stealing 2nd base 2-6
1-0: Ball
2-0: Foul Ball, location: 2F
2-1: SINGLE (Line Drive, 34, EV 98.8 MPH)
Batting: RHB Mark Tart 0-0: Called Strike
Orlando Hurtado steals 2nd base
0-1: Swinging Strike
0-2: Foul Ball, location: 2F
0-2: Hit by Pitch
Batting: RHB Alex Montiel 0-0: Foul Ball, location: 2F
0-1: Foul Ball, location: 2F
0-2: Ball
1-2: DOUBLE (Line Drive, 89XD, EV 108.1 MPH)
Orlando Hurtado scores
Mark Tart to third
Runner from 3rd tries for Home, SAFE, throw by CF to trailing runner, SAFE at third!
Batting: LHB Justin Sanders 0-0: Ball
1-0: Ball
2-0: Called Strike
2-1: Called Strike
2-2: Foul Ball, location: 2F
2-2: Foul Ball, location: 2F
2-2: Strikes out looking
Bottom of the 8th over - 2 runs, 2 hits, 0 errors, 1 left on base; University of Alabama 0 - Coastal Carolina University 4
TOP OF THE 9TH
University of Alabama Crimson Tide batting - Pitching for Coastal Carolina University Chanticleers : LHP Elijah Mangrum
Pitching: RHP Tetsuaki Nakamura
Batting: LHB Joe Blackwood 0-0: Ball
1-0: Ball
2-0: Foul Ball, location: 2F
2-1: Foul Ball, location: 2F
2-2: Strikes out swinging
Batting: RHB Matt Williams 0-0: Ball
1-0: DOUBLE (Line Drive, 8RXD, EV 103.1 MPH)
Batting: LHB Danny Schultz 0-0: Ball
1-0: Ball
2-0: Ground out 6-3 (Groundball, 6M, EV 78.1 MPH)
Matt Williams to third
Batting: RHB Juan Araiza 0-0: Called Strike
0-1: Called Strike
0-2: Ball
1-2: Strikes out swinging
Top of the 9th over - 0 runs, 1 hit, 0 errors, 1 left on base; University of Alabama 0 - Coastal Carolina University 4
Tuesday, March 28th , 2023 - OOTP Baseball 23.10 Build 110